 Dungeon Crawl Stone Soup version 0.17.1-1-g73c8601 (webtiles) character file.

483 PossumBlood the Carver (level 6, 0/51 HPs)
             Began as a Minotaur Fighter on Jan 6, 2016.
             Was a Follower of Okawaru.
             Slain by an orc
             ... wielding a +0 mace
              (1 damage)
             ... on level 5 of the Dungeon.
             The game lasted 00:11:51 (3356 turns).

PossumBlood the Carver (Minotaur Fighter)           Turns: 3356, Time: 00:11:52

Health: 0/51       AC:  8    Str: 23    XL:     6   Next: 87%
Magic:  5/5        EV:  7    Int:  5    God:    Okawaru [*.....]
Gold:   208        SH:  9    Dex:  9    Spells: 0 memorised, 5 levels left

rFire  . . .     SeeInvis .     q - +0 falchion (curse)
rCold  + . .     Clarity  .     b - +0 scale mail
rNeg   . . .     SustAt   .     c - +0 shield
rPois  .         Gourm    .     (helmet restricted)
rElec  .         Spirit   .     (no cloak)
rCorr  .         Warding  .     (no gloves)
rMut   .         Stasis   .     j - +0 pair of boots
MR     .....                    (no amulet)
Stlth  ..........               (no ring)
                                l - ring of protection from cold

@: not resistant to hostile enchantments, extremely unstealthy
A: retaliatory headbutt, horns 2
a: Heroism, Renounce Religion


You were on level 5 of the Dungeon.
You worshipped Okawaru.
Okawaru was aware of your devotion.
You were not hungry.

You visited 1 branch of the dungeon, and saw 5 of its levels.

You collected 208 gold pieces.

Inventory:

Hand Weapons
 a - a +2 long sword
 q - a cursed +0 falchion (weapon)
Armour
 b - a +0 scale mail (worn)
 c - a +0 shield (worn)
 j - a +0 pair of boots (worn)
Jewellery
 k - an uncursed ring of teleportation
 l - a ring of protection from cold (left hand)
Scrolls
 e - 2 scrolls of identify
 h - 2 scrolls of recharging
 m - a scroll of teleportation
Potions
 d - a potion of might
 f - a potion of agility
 g - a potion of invisibility
 o - a potion of resistance {unknown}
 p - 2 potions of poison
 s - a potion of ambrosia {unknown}
Comestibles
 n - a beef jerky
 r - a bread ration


   Skills:
 - Level 3.6 Fighting
 * Level 9.0 Long Blades
 - Level 3.6 Armour
 - Level 3.6 Shields


You had 5 spell levels left.
You didn't know any spells.

Dungeon Overview and Level Annotations

Branches:
Dungeon (5/15)
 Temple: D:4-7

Altars:
Ashenzari
Cheibriados
Dithmenos
Elyvilon
Gozag
Okawaru


Innate Abilities, Weirdness & Mutations

You reflexively headbutt those who attack you in melee.
You have a pair of horns on your head.


Message History

You kill the orc priest!
Okawaru accepts your kill.
Your Long Blades skill increases to level 9!
You block the orc's attack. The orc hits you but does no damage.
You block the orc's attack. The orc hits you but does no damage.
You block the orc's attack.
Things that are here:
a leather armour; an orc corpse The orc barely misses you.
You furiously retaliate!
You headbutt the orc!
You kill the orc!
Okawaru accepts your kill. You block the orc's attack.
The orc hits you but does no damage.
You slash the orc!
You kill the orc!
Okawaru accepts your kill. The orc hits you with a mace!
* * * LOW HITPOINT WARNING * * *
The orc hits you with a mace.
You die...

#........ #....####
#........ #....####
#.......# #.....#.#
#####+#######.....#<.
#...........#........
#..:@o)####.#........
#.....)# ##+#...#..#.
####......# #...<.......
#.........# #....##.....
#.........###...........
#......[............#...
########........#######.
#.........†......
#........########


You could see an orc.

Vanquished Creatures
  A scorpion (D:5)
  2 hounds (D:5)
  3 orc priests
  2 orc wizards
  An iguana (D:5)
  Jessica (D:2)
  2 worker ants
  3 adders
  An ooze (D:1)
  3 worms
  18 orcs
  A ball python (D:1)
  5 giant cockroaches
  7 hobgoblins
  6 jackals
  3 quokkas
  A bat (D:3)
  3 giant geckos
  6 giant newts
  5 goblins
  5 kobolds
  5 rats
84 creatures vanquished.

Notes
Turn   | Place    | Note
--------------------------------------------------------------
     0 | D:1      | PossumBlood the Minotaur Fighter began the quest for the Orb.
     0 | D:1      | Reached XP level 1. HP: 19/19 MP: 0/0
    65 | D:1      | Found a shattered altar of Ashenzari.
   152 | D:1      | Reached XP level 2. HP: 26/26 MP: 1/1
   548 | D:1      | Reached skill level 4 in Long Blades
   840 | D:2      | Reached XP level 3. HP: 31/31 MP: 2/2
   876 | D:2      | Noticed Jessica
   894 | D:2      | Killed Jessica
   894 | D:2      | Reached skill level 5 in Long Blades
  1224 | D:2      | Found a shadowy altar of Dithmenos.
  1323 | D:2      | Reached XP level 4. HP: 39/39 MP: 3/3
  1592 | D:2      | Found an iron altar of Okawaru.
  1600 | D:2      | Became a worshipper of Warmaster Okawaru
  1664 | D:3      | Reached skill level 6 in Long Blades
  2527 | D:4      | Reached XP level 5. HP: 38/45 MP: 4/4
  2574 | D:4      | Reached skill level 7 in Long Blades
  2898 | D:4      | Found an opulent altar of Gozag.
  3036 | D:4      | Found a snail-covered altar of Cheibriados.
  3037 | D:4      | Found a white marble altar of Elyvilon.
  3214 | D:5      | Entered Level 5 of the Dungeon
  3238 | D:5      | Reached XP level 6. HP: 46/51 MP: 5/5
  3242 | D:5      | Reached skill level 8 in Long Blades
  3344 | D:5      | Reached * piety under Okawaru
  3351 | D:5      | Reached skill level 9 in Long Blades
  3355 | D:5      | HP: 1/51 [orc/mace (7)]
  3356 | D:5      | Slain by an orc

Action                   |  1- 3 |  4- 6 || total
-------------------------+-------+-------++-------
Melee: Long sword        |    67 |   140 ||   207
       Falchion          |       |    26 ||    26
  Use: Scroll            |     4 |     5 ||     9
       Potion            |       |     3 ||     3
  Eat: Bread ration      |     1 |       ||     1
       Fruit             |       |     3 ||     3
       Beef jerky        |       |     1 ||     1
